 Dungeon Crawl Stone Soup version 0.26-a0-490-gf8362a0c98 (webtiles) character file.

Game seed: 12686776452376027895

2010 Murumi the Shield-Bearer (level 9, 0/103 HPs)
             Began as a Formicid Fighter on Aug 4, 2020.
             Was an Initiate of Okawaru.
             Slain by an orc warrior
             ... wielding a +0 scimitar
              (5 damage)
             ... on level 8 of the Dungeon.
             The game lasted 00:24:00 (8567 turns).

Murumi the Shield-Bearer (Formicid Fighter)         Turns: 8567, Time: 00:24:01

Health: 0/103      AC: 24    Str: 21    XL:     9   Next: 46%
Magic:  0/12       EV:  2    Int:  8    God:    Okawaru [......]
Gold:   93         SH:  0    Dex: 13    Spells: 8/8 levels left

rFire    . . .     SeeInvis .   a - +1 long sword
rCold    . . .     Faith    .   k - +0 buckler
rNeg     + + +     Spirit   +   (armour currently unavailable)
rPois    +         Reflect  .   (helmet unavailable)
rElec    .         Harm     .   (cloak currently unavailable)
rCorr    .                      (gloves currently unavailable)
MR       .....                  (boots currently unavailable)
Stlth    +.........             t - amulet of guardian spirit
HPRegen  0.27/turn              (no ring)
MPRegen  0.13/turn              (no ring)

@: confused, mighty, tree-form, lightly drained
A: permanent stasis, dig shafts and tunnels, four strong arms
a: Renounce Religion


You were on level 8 of the Dungeon.
You worshipped Okawaru.
Okawaru was noncommittal.
You were a tree.
You visited 2 branches of the dungeon, and saw 9 of its levels.

You collected 401 gold pieces.
You spent 308 gold pieces at shops.

Inventory:

Hand Weapons
 a - a +1 long sword (weapon)
 f - a +0 arbalest
 A - a cursed +3 scimitar
Missiles
 e - 67 bolts
Armour
 b - a +0 scale mail (melded)
 c - a +0 kite shield
 j - a +1 cloak (melded)
 k - a +0 buckler (worn)
 u - a +0 pair of boots (melded)
Jewellery
 o - an uncursed ring of ice
 t - an amulet of guardian spirit (around neck)
 y - an uncursed ring of fire
Wands
 n - a wand of polymorph (11)
Scrolls
 g - 3 scrolls of enchant weapon
 p - a scroll of amnesia
 q - a scroll of enchant armour
 s - a scroll of magic mapping
Potions
 h - a potion of brilliance
 i - 3 potions of flight
 l - a potion of magic
 r - a potion of lignification
 x - a potion of mutation
 z - a potion of resistance {unknown}


   Skills:
 - Level 6.0(5.9) Fighting
 - Level 5.0(4.9) Long Blades
 - Level 5.0(4.9) Crossbows
 - Level 6.0(5.9) Armour
 - Level 2.0(1.9) Dodging
 + Level 7.5(7.4) Shields
 - Level 4.0(3.9) Invocations


You had 8 spell levels left.
You didn't know any spells.
Your spell library contained the following spells:

 Spells                   Type           Power        Failure   Level
 Corona                   Hex            #......      41%         1
 Freeze                   Ice            #...         41%         1
 Ensorcelled Hibernation  Hex/Ice        #.....       54%         2
 Confusing Touch          Hex            #.......     78%         3
 Dazzling Flash           Conj/Hex       #.....       78%         3
 Tukima's Dance           Hex            #.......     78%         3


Dungeon Overview and Level Annotations

Branches:
Dungeon (8/15)             Temple (1/1) D:5
   Lair: D:8-11

Altars:
Cheibriados
Dithmenos
Elyvilon
Fedhas
Gozag
Hepliaklqana
Kikubaaqudgha
Makhleb
Nemelex Xobeh
Okawaru
Qazlal
Ru
Sif Muna
Trog
Uskayaw
Vehumet
Wu Jian
Xom
Yredelemnul
Zin
The Shining One

Shops:
D:5 !   D:7 !


Innate Abilities, Weirdness & Mutations

You cannot be hasted, slowed, berserked, paralysed or teleported.
You can dig through walls and to a lower floor.
Your four strong arms can wield two-handed weapons with a shield.
((You have a pair of large antennae on your head. (SInv)))


Message History

* * * LOW HITPOINT WARNING * * *
You feel better.
The orc warrior hits you with a +0 scimitar!
* * * LOW HITPOINT WARNING * * *
You feel better. The orc warrior barely misses you.
Really quaff the potion of lignification?
You turn into a tree.
Your +1 cloak melds into your body.
Your +0 pair of boots melds into your body.
Your +0 scale mail melds into your body.
Your roots penetrate the ground.
The orc warrior hits you with a +0 scimitar!
* * * LOW HITPOINT WARNING * * *
You hit the orc warrior but do no damage.
The orc warrior is lightly wounded.
The orc warrior hits you with a +0 scimitar!
* * * LOW HITPOINT WARNING * * *
You are confused.
You feel invigorated.
The orc warrior hits you with a +0 scimitar!
You die...

<# . ##..# .....#
##) ##....# ....##
#..# ###.....##
.....#
#...##.....###
.....# #....<..###
...o## #....{.##
....# #.o...{.#
....o...o.#o..{###
.....##o.{#♣# ....
####o## ... ###
...


You could see an orc warrior.

Vanquished Creatures
  Duvessa (D:6)
  A black bear (D:7)
  An ice beast (D:5)
  2 phantoms
  An ogre (D:7)
  A centaur (D:7)
  Blork the orc (D:6)
  3 bullfrogs
  Dowan (D:6)
  A scorpion (D:6)
  5 killer bees (D:7)
  A wight (D:7)
  3 hounds (D:4)
  3 orc wizards
  3 orc priests (D:6)
  A quasit (D:7)
  A centaur skeleton (D:6)
  2 jellies
  Ijyb (D:4)
  6 worker ants
  A killer bee zombie (D:5)
  A gnoll (D:4)
  11 adders
  A shadow imp (D:7)
  An ufetubus (D:7)
  An ooze (D:3)
  A worm (D:2)
  3 dart slugs
  3 leopard geckos
  14 orcs
  3 giant cockroaches
  4 goblins
  6 hobgoblins
  14 jackals
  3 quokkas
  7 bats
  A frilled lizard (D:1)
  2 jackal skeletons
  3 kobolds (D:1)
  A leopard gecko skeleton (D:4)
  A quokka zombie (D:6)
  2 rats (D:3)
123 creatures vanquished.

Vanquished Creatures (others)
  A human (D:5)
  A jackal (D:7)
  A quokka (D:7)
3 creatures vanquished.

Grand Total: 126 creatures vanquished

Notes
Turn   | Place    | Note
-------+----------+-------------------------------------------
     0 | D:1      | Murumi the Formicid Fighter began the quest for the Orb.
     0 | D:1      | Reached XP level 1. HP: 18/18 MP: 1/1
   186 | D:1      | Reached skill level 1 in Dodging
   209 | D:1      | Reached XP level 2. HP: 18/24 MP: 2/2
   354 | D:1      | Reached skill level 4 in Shields
  1050 | D:2      | Reached XP level 3. HP: 25/29 MP: 3/3
  1364 | D:2      | Found a blossoming altar of Fedhas.
  1597 | D:2      | Reached XP level 4. HP: 37/37 MP: 4/4
  2375 | D:3      | Found a snail-covered altar of Cheibriados.
  2479 | D:3      | Reached XP level 5. HP: 16/42 MP: 5/5
  2697 | D:3      | Found an ancient bone altar of Kikubaaqudgha.
  3575 | D:4      | Reached skill level 5 in Shields
  3790 | D:4      | Found a glowing silver altar of Zin.
  3816 | D:4      | Noticed Ijyb
  3849 | D:4      | Killed Ijyb
  3965 | D:4      | Reached XP level 6. HP: 48/48 MP: 6/6
  4214 | D:4      | Reached skill level 5 in Fighting
  4306 | D:5      | Entered Level 5 of the Dungeon
  4493 | D:5      | Reached XP level 7. HP: 56/56 MP: 7/7
  4526 | D:5      | Reached skill level 5 in Armour
  4910 | D:5      | Found a staircase to the Ecumenical Temple.
  4919 | Temple   | Entered the Ecumenical Temple
  4935 | Temple   | Reached skill level 6 in Shields
  5441 | D:5      | Found a basalt altar of Yredelemnul.
  5458 | D:5      | Found Wuwuqug's Distillery.
  5559 | D:5      | Found an ancient bone altar of Kikubaaqudgha.
  5559 | D:5      | Noticed a human
  5562 | D:5      | Killed a human
  5710 | D:5      | Found a bloodstained altar of Trog.
  5811 | D:6      | Reached skill level 7 in Shields
  5811 | D:6      | Reached XP level 8. HP: 53/62 MP: 8/8
  6234 | D:6      | Found a hide-covered altar of Uskayaw.
  6503 | D:6      | Noticed Blork the orc
  6506 | D:6      | Noticed Dowan
  6509 | D:6      | Reached skill level 1 in Crossbows
  6517 | D:6      | Killed Blork the orc
  6541 | D:6      | Killed Dowan
  6544 | D:6      | Noticed Duvessa
  6566 | D:6      | Killed Duvessa
  6740 | D:6      | Found a sacrificial altar of Ru.
  7285 | D:7      | Reached skill level 5 in Long Blades
  7300 | D:7      | Reached XP level 9. HP: 26/69 MP: 3/9
  7519 | D:7      | Found an iron altar of Okawaru.
  7529 | D:7      | Became a worshipper of Warmaster Okawaru
  7544 | D:7      | Reached skill level 5 in Crossbows
  7554 | D:7      | Found Keiceacs's Distillery.
  7576 | D:7      | Bought a potion of heal wounds for 70 gold pieces
  7576 | D:7      | Bought a potion of mutation for 112 gold pieces
  7576 | D:7      | Bought a potion of curing for 42 gold pieces
  7576 | D:7      | Bought 2 potions of flight for 84 gold pieces
  7599 | D:7      | Reached skill level 1 in Invocations
  7747 | D:7      | Found a white marble altar of Elyvilon.
  7769 | D:7      | Found a sparkling altar of Nemelex Xobeh.
  7910 | D:7      | Found a shimmering blue altar of Sif Muna.
  8229 | D:7      | Identified Sif Muna's Tome of the Snowflakes
  8566 | D:8      | HP: 2/103 [orc warrior/+0 scimitar (9)]
  8567 | D:8      | Slain by an orc warrior

Illustrated notes

Levels and vault maps discovered:
D:1:      lightli_arrival_windingriver, layout_loops_cross, roderic_lattice_a
D:2:      layout_basic, marbit_many_paths
D:3:      layout_basic, nicolae_overflow_hidden_temple,
          overflow_temple_1_default
D:4:      layout_rooms, lemuel_crystal_altar, chequers_jeans,
          cheibrodos_gnoll_hut, uniq_ijyb
D:5:      layout_loops_ring, lightli_temple_of_fire, kennysheep_mini_moat,
          minmay_temple_entry_slanted, serial_shops, kennysheep_mini,
          grunt_decor_mini_mirrors, ebering_dispersal_statue_hall,
          tgw_kikubaaqudgha
D:6:      layout_gridville, nicolae_ru_sacrificial_ziggurat,
          eat_drink_and_be_merry_uskayaw, uniq_duvessa, uniq_blork_the_orc
D:7:      layout_rooms, nemelex_altar_shiori, okawaru_gym_becter, led_sif_book,
          elyvilon_altar_4, serial_shops, shop, kennysheep_generic_room_7
D:8:      layout_cave_pools, serial_shops, kennysheep_little_box
Temple:   compressed_dpeg_triangle_lava_temple

Skill      XL: |  1  2  3  4  5  6  7  8  9 |
---------------+----------------------------+-----
Dodging        | 1 2 |  2.0
Shields        | 4 5 7 |  7.5
Long Blades    | 3 4 5 |  5.0
Fighting       | 4 5 6 |  6.0
Armour         | 4 5 6 |  6.0
Crossbows      | 4 5 |  5.0
Invocations    | 4 |  4.0

Action                   |  1- 3 |  4- 6 |  7- 9 || total
-------------------------+-------+-------+-------++-------
Melee: Long sword        |    89 |   182 |   251 ||   522
 Fire: Arbalest          |       |       |    28 ||    28
 Abil: Dig               |       |     2 |     3 ||     5
  Use: Scroll            |     7 |    10 |     6 ||    23
       Potion            |       |       |     8 ||     8
Armor: Scale mail        |    35 |   104 |   104 ||   243
Dodge: Dodged            |    25 |   105 |   130 ||   260
Block: Kite shield       |    47 |       |       ||    47
       Buckler           |     1 |    33 |    67 ||   101
       Rpst.: Long sword |    10 |    30 |    37 ||    77

Table legend: (Time is in decaauts)
 A = Elapsed time spent in this place.
 B = Non-inter-level travel time spent in this place.
 C = Inter-level travel time spent in this place.
 D = Time resting spent in this place.
 E = Time spent auto-exploring this place.
 F = Levels seen in this place.
 G = Mean time per level.
                   A        B        C        D        E       F      G
               +--------+--------+--------+--------+--------+-----+--------+
         Total |   8708 |   7926 |    782 |    738 |   5914 |   9 |  967.6 |
       Dungeon |   8361 |   7591 |    770 |    738 |   5598 |   8 | 1045.1 |
        Temple |    347 |    335 |     12 |      0 |    316 |   1 |  347.0 |
               +--------+--------+--------+--------+--------+-----+--------+

Top non-repeatable levels by time:
     D:6: 1573 daAuts
     D:3: 1353 daAuts
     D:2: 1300 daAuts
     D:7: 1210 daAuts
     D:5: 1091 daAuts
     D:1: 1050 daAuts
     D:4: 750 daAuts
  Temple: 347 daAuts
     D:8: 31 daAuts
